 Dungeon Crawl Stone Soup version 0.21.1-1-g345015f (webtiles) character file.

134 Fortress the Conjurer (level 5, -1/36 HPs)
             Began as a Human Conjurer on June 16, 2018.
             Was an Initiate of Sif Muna.
             Killed from afar by Ijyb (9 damage)
             ... with a wand of flame (10)
             ... on level 3 of the Dungeon.
             The game lasted 00:15:03 (2609 turns).

Fortress the Conjurer (Human Conjurer)              Turns: 2609, Time: 00:15:04

Health: -1/36      AC:  3    Str:  8    XL:     5   Next: 40%
Magic:  1/8        EV: 13    Int: 21    God:    Sif Muna [......]
Gold:   59         SH:  0    Dex: 14    Spells: 5/8 levels left

rFire    . . .     SeeInvis .   f - +0 dagger
rCold    . . .     Gourm    .   (no shield)
rNeg     . . .     Faith    .   a - +0 robe
rPois    .         Spirit   .   (no helmet)
rElec    .         Reflect  .   (no cloak)
rCorr    .         Harm     .   (no gloves)
MR       .....                  d - +0 pair of boots
Stlth    ++........             (no amulet)
HPRegen  0.12/turn              (no ring)
MPRegen  0.11/turn              (no ring)

@: brilliant
A: no striking features
a: Renounce Religion


You were on level 3 of the Dungeon.
You worshipped Sif Muna.
Sif Muna was noncommittal.
You were hungry.

You visited 1 branch of the dungeon, and saw 4 of its levels.

You collected 59 gold pieces.

Inventory:

Hand Weapons
 f - a +0 dagger (weapon)
Missiles
 g - 14 arrows
 k - 5 tomahawks (quivered)
 l - 74 stones
 q - 19 sling bullets
 D - 8 javelins of returning
Armour
 a - a +0 robe (worn)
 d - a +0 pair of boots (worn)
Jewellery
 j - an uncursed ring of flight {unknown}
 v - an uncursed ring of fire {unknown}
 y - an uncursed amulet of harm {unknown}
Scrolls
 e - 3 scrolls of identify
 h - 2 scrolls of teleportation {unknown}
 m - a scroll of magic mapping {unknown}
 t - a scroll of amnesia {unknown}
 w - a scroll of fog {unknown}
 C - a scroll of noise {unknown}
Potions
 i - a potion of degeneration
 n - a potion of agility
 o - a potion of magic {unknown}
 p - 2 potions of mutation
 r - 4 potions of curing
 s - a potion of brilliance
 z - a potion of haste {unknown}
 A - a potion of flight {unknown}
 B - a potion of heal wounds {unknown}
Books
 b - a book of Conjurations

   Spells                             Type                      Level
   a - Magic Dart                     Conjuration                  1
   b - Searing Ray                    Conjuration                  2
   c - Dazzling Spray                 Conjuration/Hexes            3
   d - Fulminant Prism                Conjuration/Hexes            4
   e - Force Lance                    Conjuration/Translocation    4
   f - Iskenderun's Mystic Blast      Conjuration                  4
 u - a book of Misfortune

   Spells                             Type                      Level
   a - Confusing Touch                Hexes                        1
   b - Confuse                        Hexes                        3
   c - Gell's Gravitas                Translocation                3
   d - Petrify                        Transmutation/Earth          4
   e - Metabolic Englaciation         Hexes/Ice                    5
   f - Yara's Violent Unravelling     Hexes/Transmutation          5
Comestibles
 c - 5 rations
 x - 2 chunks of flesh


   Skills:
 + Level 0.8 Fighting
 + Level 1.0 Short Blades
 + Level 3.4 Dodging
 - Level 2.4 Stealth
 + Level 2.4 Spellcasting
 + Level 4.7 Conjurations


You had 5 spell levels left.
You knew the following spells:

 Your Spells              Type           Power        Failure   Level  Hunger
a - Magic Dart            Conj           ####         1%          1    None
b - Searing Ray           Conj           #####.       1%          2    ##.....


Dungeon Overview and Level Annotations

Branches:
Dungeon (4/15)
 Temple: D:4-7

Altars:
Elyvilon
Sif Muna

Annotations:
D:3 Ijyb


Message History

You closely miss Ijyb.
Ijyb is severely wounded.
Ijyb hits you but does no damage.
You closely miss Ijyb.
Ijyb is severely wounded.
Ijyb hits you but does no damage.
You closely miss Ijyb.
Ijyb is severely wounded.
Ijyb zaps a wand.
The puff of flame misses you.
Ijyb zaps a wand.
The puff of flame hits you!
* * * LOW HITPOINT WARNING * * *
As you read the scroll labeled CORINE ASHRAPH, it crumbles to dust.
It is a scroll of identify.
p - 2 potions of mutation Ijyb hits you.
* * * LOW HITPOINT WARNING * * *
As you read the scroll of identify, it crumbles to dust.
i - a potion of degeneration Ijyb zaps a wand.
The puff of flame hits you!
You die...

.. #$ ..###.# #.. ...#
#.# ##..# ...## #.#
#...# ###.# #.. #.#.#
#.# ##.. ###.##.#.#
.###... #......#.#
.##..#. #...###g.#
#.##.#.. #....@######
#.##....
#.....)....####.##...#
#.....###÷....)..>....
####### #.###...###...
#.#≈≈...≈≈#...
#.#≈..♣..≈#..#
#............#
#...♣._.♣...##
##..........#


You could see Ijyb.

Vanquished Creatures
  A hound (D:2)
  5 adders
  An ooze (D:1)
  2 worms
  A dart slug (D:2)
  3 leopard geckos
  3 orcs (D:3)
  2 giant cockroaches
  6 goblins
  4 hobgoblins
  A quokka (D:3)
  A ball python (D:3)
  5 bats
  2 frilled lizards
  7 kobolds
  4 rats
48 creatures vanquished.

Vanquished Creatures (others)
  A quokka (D:3)
1 creature vanquished.

Grand Total: 49 creatures vanquished

Notes
Turn   | Place    | Note
-------+----------+-------------------------------------------
     0 | D:1      | Fortress the Human Conjurer began the quest for the Orb.
     0 | D:1      | Reached XP level 1. HP: 13/13 MP: 3/3
   364 | D:1      | Reached XP level 2. HP: 19/19 MP: 5/5
  1068 | D:2      | Reached XP level 3. HP: 24/24 MP: 1/6
  1304 | D:2      | Found a deep blue altar of Sif Muna.
  1307 | D:2      | Became a worshipper of Sif Muna the Loreminder
  1340 | D:2      | Reached XP level 4. HP: 10/31 MP: 1/7
  1803 | D:2      | Learned a level 2 spell: Searing Ray
  1912 | D:2      | Reached XP level 5. HP: 30/36 MP: 1/8
  2339 | D:3      | Reached skill level 1 in Short Blades
  2449 | D:3      | Found a white marble altar of Elyvilon.
  2572 | D:3      | Noticed Ijyb
  2609 | D:3      | Killed from afar by Ijyb

Skill      XL: |  1  2  3  4  5 |
---------------+----------------+-----
Dodging        | 3 |  3.4
Short Blades   | 1 |  1.0
Fighting       | |  0.8
Stealth        | |  2.4
Spellcasting   | |  2.4
Conjurations   | |  4.7

Action                   |  1- 3 |  4- 6 || total
-------------------------+-------+-------++-------
Melee: Dagger            |    68 |    36 ||   104
 Cast: Magic Dart        |    35 |    48 ||    83
       Searing Ray       |       |     9 ||     9
  Use: Scroll            |       |     2 ||     2
       Potion            |       |     2 ||     2
 Stab: Sleeping          |     1 |     1 ||     2
  Eat: Chunk             |     2 |     1 ||     3
       Ration            |       |     1 ||     1
Armor: Robe              |    38 |    17 ||    55
Dodge: Dodged            |   108 |    33 ||   141
